 Dungeon Crawl Stone Soup version 0.29-a0-330-g52719c12eb (webtiles) character file.

Game seed: 6269044975556180946

417 Ajdolov the Ruffian (level 6, -4/34 HPs)
             Began as a Vine Stalker Fighter on Apr 23, 2022.
             Slain by an ogre
             ... wielding a +0 giant spiked club
              (14 damage)
             ... on level 4 of the Dungeon.
             The game lasted 00:06:12 (3263 turns).

Ajdolov the Ruffian (Vine Stalker Fighter)          Turns: 3263, Time: 00:06:12

Health: -4/34      AC: 13    Str: 20    XL:     6   Next: 93%
Magic:  0/8        EV:  9    Int:  8    God:
Gold:   174        SH:  4    Dex: 14    Spells: 7/7 levels left

rFire   . . .      SeeInvis .     - Unarmed
rCold   . . .      Faith    .   b - +0 buckler
rNeg    . . .      Spirit   +   a - +0 scale mail
rPois   .          Reflect  .   m - +0 helmet
rElec   .          Harm     .   (no cloak)
rCorr   +          Rampage  .   d - +1 pair of gloves
Will    .....                   (no boots)
Stlth   ..........              j - amulet of regeneration
HPRegen 1.71/turn               u - +4 ring of protection
MPRegen 0.11/turn               w - ring of resist corrosion

@: no status effects
A: fangs 2, regeneration 1, magic shield, antimagic bite, no potion heal 2
a: no special abilities


You were on level 4 of the Dungeon.
You visited 1 branch of the dungeon, and saw 4 of its levels.

You collected 174 gold pieces.

Inventory:

Armour
 a - a +0 scale mail (worn)
 b - a +0 buckler (worn)
 d - a +1 pair of gloves (worn)
 m - a +0 helmet (worn)
Jewellery
 j - an amulet of regeneration (around neck)
 u - a +4 ring of protection (left hand)
 w - a ring of resist corrosion (right hand)
Scrolls
 e - 2 scrolls of fear {unknown}
 g - 4 scrolls of fog {unknown}
 h - a scroll of summoning {unknown}
 l - 6 scrolls of identify {unknown}
 n - a scroll of amnesia {unknown}
 s - 3 scrolls of enchant weapon {unknown}
 v - a scroll of magic mapping {unknown}
 x - 3 scrolls of silence {unknown}
Potions
 c - a potion of might
 f - a potion of resistance {unknown}
 i - 5 potions of curing {unknown}
 k - 2 potions of cancellation {unknown}
 o - a potion of lignification {unknown}
 p - a potion of heal wounds {unknown}
 q - a potion of haste
 r - 4 potions of attraction {unknown}
 t - 2 potions of degeneration {unknown}


   Skills:
 + Level 4.3 Fighting
 - Level 2.4 Armour
 - Level 2.6 Shields
 * Level 5.9 Unarmed Combat
 * Level 1.1 Spellcasting


You had 7 spell levels left.
You didn't know any spells.
Your spell library was empty.

Dungeon Overview and Level Annotations

Branches:
Dungeon (4/15)
 Temple: D:4-7

Altars:

Shops:
D:1 =


Innate Abilities, Weirdness & Mutations

You have extremely sharp teeth.
Your natural rate of healing is unusually fast.
When hurt, damage is shared between your health and your magic reserves.
Your bite disrupts and absorbs the magic of your enemies.
Potions cannot restore your health.


Message History

You block the hobgoblin's attack.
You hit the hobgoblin but do no damage. Your bite misses the hobgoblin.
You block the hobgoblin's attack.
You hit the hobgoblin but do no damage. You block the hobgoblin's attack.
You barely miss the hobgoblin. You bite the hobgoblin. You drain its power.
The hobgoblin is lightly wounded.
The hobgoblin closely misses you.
You closely miss the hobgoblin.
The hobgoblin is lightly wounded.
The hobgoblin hits you but does no damage.
You punch the hobgoblin!
You kill the hobgoblin!
No target in view!
k - 2 ruby potions (gained 1)
Press: ? - help, v - describe, . - travel
Here: an ogre, wielding a +0 giant spiked club The floor.
An ogre is nearby!
You hit the ogre. You bite the ogre, but do no damage.
The ogre is lightly wounded.
You block the ogre's attack.
You hit the ogre.
The ogre is lightly wounded.
You hit the ogre.
The ogre is moderately wounded.
The ogre barely misses you.
You punch the ogre!
The ogre is heavily wounded.
The ogre misses you.
You hit the ogre.
The ogre is severely wounded.
You barely miss the ogre.
The ogre is severely wounded.
The ogre hits you with a +0 giant spiked club!!
Ouch! That really hurt!
* * * LOW HITPOINT WARNING * * *
You barely miss the ogre.
The ogre is severely wounded.
The ogre hits you with a +0 giant spiked club!
You die...

##.####...........
#..####....#####.#### ##
###.###................ #.
.....)................# #.
....##l###.#..........## #.
#.......# ............. #.
#......O# ..#........
#+###. ........##..####O#.#
#...## .###.....#.## #@..#
#########..( .
#####...#####..##
#..........# #
#...(......####.......##+#
###............##).....##
#..l..>...............##
#....................##
######O....##........#...##
#....<........########...#
..####.....#### #...+


You could see an ogre.

Vanquished Creatures
  Grinder (D:3)
  A necrophage (D:4)
  2 orc priests (D:3)
  Robin (D:2)
  2 adders
  A worm (D:3)
  2 dart slugs
  6 orcs (D:3)
  4 endoplasms
  3 giant cockroaches
  12 goblins
  8 hobgoblins
  5 jackals
  5 kobolds
  4 quokkas
  5 ball pythons
  3 bats (D:1)
  2 frilled lizards (D:1)
  6 rats
73 creatures vanquished.

Notes
Turn   | Place    | Note
-------+----------+-------------------------------------------
     0 | D:1      | Ajdolov the Vine Stalker Fighter began the quest for the
                  | Orb.
     0 | D:1      | Reached XP level 1. HP: 11/11 MP: 2/2
   313 | D:1      | Found a faded altar of an unknown god.
   331 | D:1      | Reached XP level 2. HP: 16/16 MP: 3/3
   462 | D:1      | You fall into a shaft and drop 1 floor!
   576 | D:1      | Reached skill level 3 in Unarmed Combat
   577 | D:1      | Reached XP level 3. HP: 17/20 MP: 4/4
   719 | D:1      | Found Waidolau's Jewellery Emporium.
   989 | D:2      | Noticed Robin
  1032 | D:2      | Killed Robin
  1244 | D:2      | Gained mutation: Your natural rate of healing is unusually
                  | fast. [Vine Stalker growth]
  1244 | D:2      | Reached XP level 4. HP: 24/24 MP: 5/5
  2024 | D:3      | Noticed Grinder
  2041 | D:3      | Reached skill level 4 in Unarmed Combat
  2045 | D:3      | Reached XP level 5. HP: 28/28 MP: 6/6
  2064 | D:3      | Killed Grinder
  2065 | D:3      | Reached skill level 5 in Unarmed Combat
  2065 | D:3      | Reached XP level 6. HP: 24/33 MP: 2/7
  3020 | D:4      | Reached skill level 1 in Spellcasting
  3263 | D:4      | Slain by an ogre

Illustrated notes

Levels and vault maps discovered:
D:1:      psy_arrival_basics, layout_rooms, ebering_ecumenical_altar_box,
          serial_shops, nicolae_shop_competitors_out_of_business
D:2:      minmay_evil_eye, layout_basic, uniq_robin
D:3:      layout_loops_corners, solitary_fountain, uniq_grinder
D:4:      layout_rooms, kennysheep_minor_cross, dk_noncrumbling_4

Skill      XL: |  1  2  3  4  5  6 |
---------------+-------------------+-----
Fighting       | 3 4 |  4.3
Unarmed Combat | 3 4 5 |  5.9
Spellcasting   | 1 |  1.1
Armour         | |  2.4
Shields        | |  2.6

Action                   |  1- 3 |  4- 6 || total
-------------------------+-------+-------++-------
Melee: Unarmed           |   117 |   139 ||   256
       Bite              |    35 |    30 ||    65
Armor: Scale mail        |    40 |    52 ||    92
Dodge: Dodged            |    58 |    48 ||   106
Block: Buckler           |    16 |    25 ||    41

Table legend: (Time is in decaauts)
 A = Elapsed time spent in this place.
 B = Non-inter-level travel time spent in this place.
 C = Inter-level travel time spent in this place.
 D = Time resting spent in this place.
 E = Time spent auto-exploring this place.
 F = Levels seen in this place.
 G = Mean time per level.
                   A        B        C        D        E       F      G
               +--------+--------+--------+--------+--------+-----+--------+
         Total |   3256 |   3110 |    146 |      5 |   2484 |   4 |  814.0 |
       Dungeon |   3256 |   3110 |    146 |      5 |   2484 |   4 |  814.0 |
               +--------+--------+--------+--------+--------+-----+--------+

Top non-repeatable levels by time:
     D:3: 981 daAuts
     D:2: 968 daAuts
     D:1: 947 daAuts
     D:4: 359 daAuts
